 Dungeon Crawl Stone Soup version 0.23.2-1-ga50397a (webtiles) character file.

Game seed: 11851478735884833891

32703 shadizar the Fighter (level 13, -1/85 HPs)
             Began as a Gargoyle Fighter on Apr 27, 2019.
             Was a High Priest of the Shining One.
             Killed by divine providence
             ... invoked by a meliai
              (11 damage)
             ... on level 5 of the Lair of Beasts.
             The game lasted 00:39:08 (14218 turns).

shadizar the Fighter (Gargoyle Fighter)            Turns: 14218, Time: 00:39:10

Health: -1/85      AC: 33    Str: 30    XL:     13   Next: 66%
Magic:  15/15      EV: 14    Int:  9    God:    the Shining One [*****.]
Gold:   1303       SH: 13    Dex: 12    Spells: 12/12 levels left

rFire    . . .     SeeInvis .   I - +3 war axe
rCold    . . .     Gourm    .   c - +0 shield
rNeg     + + +     Faith    .   R - +2 pearl dragon scales
rPois    ∞         Spirit   .   N - +0 helmet of Xom {MR+ Str+2 Stlth+} (curse)
rElec    +         Reflect  .   A - +0 cloak
rCorr    .         Harm     .   b - +2 pair of gloves {Dex+3}
MR       +....                  (no boots)
Stlth    +.........             j - amulet of rage
HPRegen  0.24/turn              (no ring)
MPRegen  0.14/turn              G - +3 ring of strength

@: glowing
A: negative energy resistance 1, electricity resistance, unbreathing,
petrification resistance, rot immunity, AC +9
a: Divine Shield, Cleansing Flame, Summon Divine Warrior, Renounce Religion,
Evoke Berserk Rage


You were on level 5 of the Lair of Beasts.
You worshipped the Shining One.
The Shining One was extremely pleased with you.
You were not hungry.

You visited 3 branches of the dungeon, and saw 17 of its levels.
You visited the Abyss 2 times.
You also visited: Gauntlet.

You collected 1303 gold pieces.

Inventory:

Hand Weapons
 q - a +0 hunting sling
 E - a +2 flail of protection
 I - a +3 war axe (weapon)
 J - a +1 battleaxe of electrocution
 Q - a +7 shortbow
Missiles
 p - 442 stones (quivered)
Armour
 b - a +2 pair of gloves of dexterity (worn)
 c - a +0 shield (worn)
 A - a +0 cloak (worn)
 K - a +2 hat
 M - a +1 hat
 N - the cursed +0 helmet of Xom (worn) {MR+ Str+2 Stlth+}
   (You found it in a Gauntlet)

   It affects your strength (+2).
   It affects your resistance to hostile enchantments.
   It makes you more stealthy.
   It has a curse placed upon it.
 R - +2 pearl dragon scales (worn)
 U - a +1 plate armour of fire resistance
 W - the +5 ring mail of Lies {Dex+2 SInv, unknown}
   (You found it on level 3 of the Lair of Beasts)

   It affects your dexterity (+2).
   It lets you see invisible.
Jewellery
 j - an amulet of rage (around neck)
 r - an uncursed ring of protection from fire
 t - an uncursed amulet of harm
 C - an uncursed ring of stealth
 G - a +3 ring of strength (right hand)
 T - an uncursed ring of fire
Wands
 a - a wand of acid (8)
 s - a wand of flame (26)
 v - a wand of scattershot (5)
 y - a wand of polymorph (17)
 F - a wand of iceblast (13)
 O - a wand of enslavement (7)
 S - a wand of disintegration (27)
Scrolls
 h - 4 scrolls of identify
 l - 5 scrolls of teleportation
 m - 6 scrolls of amnesia
 o - 3 scrolls of enchant weapon
 u - 4 scrolls of fog
 z - 6 scrolls of remove curse
 H - 2 scrolls of fear
 V - a scroll of torment {unknown}
Potions
 d - 3 potions of curing
 e - a potion of invisibility
 g - a potion of agility
 i - a potion of ambrosia {unknown}
 k - 2 potions of berserk rage {unknown}
 n - 2 potions of magic
 w - 3 potions of lignification
 x - 2 potions of brilliance
 L - 2 potions of flight {unknown}
 P - 2 potions of resistance
 Y - a potion of might
Miscellaneous
 D - a phial of floods
Comestibles
 f - 33 rations


   Skills:
 * Level 11.9 Fighting
 * Level 7.2(8.7) Axes
 - Level 8.3(9.7) Maces & Flails
 + Level 11.2 Armour
 + Level 8.2 Dodging
 + Level 11.1 Shields
 - Level 3.0 Evocations


You had 12 spell levels left.
You didn't know any spells.
Your spell library contained the following spells:

 Spells                   Type           Power        Failure   Level  Hunger
 Animate Skeleton         Necr           N/A          80%         1    ##.....
 Beastly Appendage        Tmut           #.....       80%         1    ##.....
 Flame Tongue             Conj/Fire      #....        80%         1    ##.....
 Pain                     Necr           #...         80%         1    ##.....
 Sticks to Snakes         Tmut           #.......     90%         2    ###....
 Throw Flame              Conj/Fire      #.....       90%         2    ###....
 Conjure Flame            Conj/Fire      #.......     99%         3    ####...
 Inner Flame              Hex/Fire       #.......     99%         3    ####...
 Regeneration             Chrm/Necr      #.........   99%         3    ####...
 Spectral Weapon          Hex/Chrm       #.......     99%         3    ####...
 Spider Form              Tmut/Pois      #.........   99%         3    ####...
 Vampiric Draining        Necr           #.........   99%         3    ####...
 Animate Dead             Necr           N/A          100%        4    #####..
 Ice Form                 Ice/Tmut       #.......     100%        4    #####..
 Sticky Flame             Conj/Fire      #.......     100%        4    #####..
 Throw Icicle             Conj/Ice       #.......     100%        4    #####..
 Blade Hands              Tmut           #.........   100%        5    ######.
 Fireball                 Conj/Fire      #.........   100%        5    ######.
 Iskenderun's Battlesphe  Conj/Chrm      #.......     100%        5    ######.
 Summon Mana Viper        Hex/Summ       #.......     100%        5    ######.
 Shadow Creatures         Summ           N/A          100%        6    #######
 Ring of Flames           Chrm/Fire      #.........   100%        7    #######


Dungeon Overview and Level Annotations

Branches:
Dungeon (11/15)            Temple (1/1) D:4            Lair (4/6) D:8
  Swamp (0/4) Lair:4       Spider (0/4) Lair:3
    Orc: D:9-12

Altars:
Ashenzari
Cheibriados
Dithmenos
Elyvilon
Fedhas
Gozag
Hepliaklqana
Kikubaaqudgha
Makhleb
Nemelex Xobeh
Okawaru
Qazlal
Ru
Sif Muna
Trog
Uskayaw
Vehumet
Wu Jian
Xom
Yredelemnul
Zin
The Shining One

Shops:
D:5 }   D:8 %   D:11 %


Innate Abilities, Weirdness & Mutations

You are resistant to torment.
Your stone body is resilient. (AC +9)
You are immune to poison.
You resist negative energy. (rN+)
You are resistant to electric shocks. (rElec)
You can survive without breathing.
You are immune to petrification.
You are immune to rotting.


Message History

You hear an angry buzzing noise. x2
Unknown command.
Unknown command.
Unknown command.
Unknown command.
Unknown command.
Unknown command.
Unknown command.
Unknown command.
Unknown command.
Unknown command.
Unknown command.
Unknown command.
Unknown command.
Unknown command.
Unknown command.
Unknown command.
The meliai calls down the wrath of its god upon you.
Something smites you!
You die...

*,,,,*,*,,.P.......PP##
,,,,,,*,,,........P..#
*,,,,,,,**#######....#
**,,,,,,,,*,,,,,#P.#.#
,**,,,,,,,*,,,,,#P..##
,,>,,,,,,,#,,,,,##.##
,***,,,,,,#.,,,,##..#
,***,,,.#.##.####...#*
**,,,,,#....yyyy@..#.#
*,,,,,,..$.P..##.#.###
*,,,,,,.....##*##.##
***,,,,....,* *##
***,*,,...,,*
*,**,,,..,***
**,,,,,#*,,*
***,,,,,,,,*
*,,,,,,,,,,*


You could see 2 meliai and 2 killer bees.

Vanquished Creatures
  Gastronok (Lair:1)
  A minotaur (Gauntlet)
  Snorg (Lair:3)
  A fire dragon (Lair:2)
  3 hydras
  2 two-headed ogres
  A catoblepas (Gauntlet)
  Sonja (D:10)
  An unseen horror (D:9)
  Pikel (D:7)
  A cyclops (D:11)
  Maurice (D:11)
  A centaur zombie (D:11)
  Joseph (D:7)
  3 black mambas
  5 spiny frogs
  2 gargoyles (Gauntlet)
  5 komodo dragons
  A rime drake (Lair:1)
  A meliai (Lair:5)
  A jumping spider (Lair:3)
  3 trolls
  A queen bee (Lair:5)
  A polar bear (Lair:2)
  A hornet (D:11)
  5 blink frogs (Lair:2)
  2 bog bodies (Lair:4)
  8 hippogriffs
  2 centaur simulacra (Gauntlet)
  2 vampires (D:11)
  A shadow (D:11)
  2 basilisks
  A wraith (D:10)
  A hungry ghost (D:11)
  25 yaks
  Menkaure (D:7)
  8 water moccasins
  5 porcupines
  A meliai simulacrum (Gauntlet)
  An ice dragon simulacrum (Gauntlet)
  3 orc warriors
  7 sky beasts
  A slave (D:7)
  2 black bears
  3 phantoms
  A necrophage (D:10)
  4 ogres
  5 centaurs
  10 crocodiles
  2 big kobolds
  2 elf zombies (D:10)
  6 bullfrogs
  A wyvern zombie (D:7)
  A spiny frog simulacrum (Gauntlet)
  A hornet simulacrum (Gauntlet)
  A water moccasin skeleton (D:5)
  A scorpion (D:4)
  13 killer bees
  2 wights
  2 electric eels (Lair:2)
  4 howler monkeys
  5 crimson imps
  2 quasits
  3 bullfrog zombies
  3 human zombies (D:10)
  3 jellies (D:8)
  2 orc priests
  A centaur skeleton (D:11)
  3 hounds
  11 orc wizards
  A bullfrog skeleton (D:7)
  A human skeleton (D:10)
  2 iguanas
  8 worker ants
  A killer bee zombie (D:7)
  A bullfrog simulacrum (Gauntlet)
  2 hound zombies
  3 mummies (D:10)
  2 worker ant zombies
  A howler monkey skeleton (D:10)
  13 adders
  A shadow imp (D:5)
  An ufetubus (D:10)
  8 oozes
  3 adder skeletons
  2 adder zombies
  2 worms
  6 dart slugs
  7 leopard geckos
  26 orcs
  7 ball pythons
  A giant cockroach (D:2)
  9 goblins
  10 hobgoblins
  9 jackals
  19 kobolds
  5 quokkas
  6 bats
  3 frilled lizards
  A jackal zombie (D:6)
  A quokka skeleton (D:5)
  7 rats
380 creatures vanquished.

Vanquished Creatures (others)
  A quasit (D:7)
  3 fungi (D:8)
  3 plants
  4 starspawn tentacles (Abyss:1)
  3 toadstools (D:8)
14 creatures vanquished.

Grand Total: 394 creatures vanquished

Notes
Turn   | Place    | Note
-------+----------+-------------------------------------------
     0 | D:1      | shadizar the Gargoyle Fighter began the quest for the Orb.
     0 | D:1      | Reached XP level 1. HP: 14/14 MP: 1/1
   116 | D:1      | Reached XP level 2. HP: 18/19 MP: 2/2
   818 | D:2      | Reached XP level 3. HP: 21/23 MP: 3/3
   909 | D:2      | Reached skill level 1 in Dodging
   909 | D:2      | Reached XP level 4. HP: 22/29 MP: 4/4
  1723 | D:3      | Reached XP level 5. HP: 33/33 MP: 5/5
  2567 | D:4      | Reached XP level 6. HP: 30/39 MP: 6/6
  2729 | D:4      | Noticed a phantom
  2779 | D:4      | Reached XP level 7. HP: 13/44 MP: 7/7
  2792 | D:4      | Reached skill level 5 in Fighting
  2792 | D:4      | Reached skill level 5 in Armour
  2792 | D:4      | Reached skill level 5 in Shields
  3444 | D:4      | Found a staircase to the Ecumenical Temple.
  3617 | D:5      | Entered Level 5 of the Dungeon
  3669 | D:5      | Found an iron altar of Okawaru.
  3843 | D:5      | Found Areudgh's Gadget Boutique.
  3926 | D:5      | Reached XP level 8. HP: 37/50 MP: 8/8
  4601 | Temple   | Entered the Ecumenical Temple
  4785 | Temple   | Became a worshipper of the Shining One
  5521 | D:5      | Reached skill level 5 in Maces & Flails
  5768 | D:6      | Reached XP level 9. HP: 37/56 MP: 9/9
  6224 | D:7      | Found a shadowy altar of Dithmenos.
  6261 | D:7      | Noticed Pikel
  6303 | D:7      | Killed Pikel
  6742 | D:7      | Noticed Menkaure
  6750 | D:7      | Killed Menkaure
  6799 | D:7      | Noticed Joseph
  6816 | D:7      | Killed Joseph
  6891 | D:7      | Reached skill level 5 in Dodging
  6891 | D:7      | Reached XP level 10. HP: 49/63 MP: 10/10
  7108 | D:8      | Reached * piety under the Shining One
  7293 | D:8      | Found Ogikoze's Food Shop.
  7335 | D:8      | Found a staircase to the Lair.
  7773 | D:9      | Noticed an unseen horror
  7800 | D:9      | Killed an unseen horror
  8109 | D:10     | Entered Level 10 of the Dungeon
  8238 | D:10     | Noticed Sonja
  8241 | D:10     | Cast into level 1 of the Abyss (Sonja)
  8386 | Abyss:1  | Noticed a tentacled starspawn
  8401 | Abyss:1  | Reached ** piety under the Shining One
  8409 | Abyss:1  | Noticed a starcursed mass
  8429 | D:10     | Escaped the Abyss
  8531 | D:10     | Noticed a two-headed ogre
  8550 | D:10     | Killed a two-headed ogre
  8550 | D:10     | Reached XP level 11. HP: 54/69 MP: 11/11
  8770 | D:10     | Cast into level 2 of the Abyss (Sonja)
  8819 | D:10     | Escaped the Abyss
  8834 | D:10     | Killed Sonja
  9349 | D:10     | Found an ancient bone altar of Kikubaaqudgha.
  9385 | D:10     | Reached *** piety under the Shining One
  9647 | D:11     | Noticed Maurice
  9669 | D:11     | Killed Maurice
  9743 | D:11     | Noticed a two-headed ogre
  9754 | D:11     | Killed a two-headed ogre
  9754 | D:11     | Reached skill level 1 in Axes
  9888 | D:11     | Found Moj Soaf's Food Shop.
  9893 | D:11     | Found a shimmering altar of Xom.
  9979 | D:11     | Reached **** piety under the Shining One
 10005 | D:11     | Noticed a cyclops
 10020 | D:11     | Killed a cyclops
 10020 | D:11     | Reached skill level 1 in Evocations
 10020 | D:11     | Reached XP level 12. HP: 47/77 MP: 12/12
 10368 | Lair:1   | Entered Level 1 of the Lair of Beasts
 10394 | Lair:1   | Noticed a seven-headed hydra
 10405 | Lair:1   | Killed a seven-headed hydra
 10405 | Lair:1   | Reached skill level 10 in Fighting
 10405 | Lair:1   | Reached skill level 10 in Armour
 10414 | Lair:1   | Found a gate leading to a gauntlet.
 10441 | Lair:1   | Reached skill level 10 in Shields
 10589 | Gauntlet | Entered a Gauntlet
 10589 | Gauntlet | Found a transporter.
 10608 | Gauntlet | Found a transporter.
 10609 | Gauntlet | Noticed a catoblepas
 10610 | Gauntlet | Found a transporter.
 10612 | Gauntlet | Found a transporter.
 10642 | Gauntlet | Found a transporter.
 10644 | Gauntlet | Found a transporter.
 10661 | Gauntlet | Found a transporter.
 10680 | Gauntlet | Found a transporter.
 10688 | Gauntlet | Found a transporter.
 10764 | Gauntlet | Killed a catoblepas
 10850 | Gauntlet | Got a polished helmet
 10866 | Gauntlet | Identified the -5 helmet of Luinub {Str+2} (You found it in
                  | a Gauntlet)
 10953 | Gauntlet | Found a transporter.
 10987 | Gauntlet | Got a scorched helmet
 10998 | Gauntlet | Noticed a green death
 11006 | Gauntlet | Identified the cursed +0 helmet of Xom {MR+ Str+2 Stlth+}
                  | (You found it in a Gauntlet)
 11031 | Gauntlet | Noticed an entropy weaver
 11031 | Gauntlet | Found a transporter.
 11040 | Gauntlet | Noticed a minotaur
 11065 | Gauntlet | Killed a minotaur
 11510 | Gauntlet | Found a transporter.
 11511 | Gauntlet | Noticed a thrashing horror
 11511 | Gauntlet | Noticed a thrashing horror
 11542 | Gauntlet | Identified the Tome of the Supportive Frostbite
 11552 | Gauntlet | Identified the Grimoire of Enhancements
 11568 | Gauntlet | Identified a scroll of acquirement
 11598 | Lair:1   | Noticed Gastronok
 11622 | Lair:1   | Killed Gastronok
 11622 | Lair:1   | Reached skill level 5 in Axes
 12057 | Lair:2   | Noticed a four-headed hydra
 12102 | Lair:1   | Killed a four-headed hydra
 12203 | Lair:2   | Reached XP level 13. HP: 84/84 MP: 15/15
 12629 | Lair:2   | Noticed a fire dragon
 12650 | Lair:2   | Killed a fire dragon
 12978 | Lair:3   | Reached ***** piety under the Shining One
 13152 | Lair:3   | Found a hole to the Spider Nest.
 13299 | Lair:3   | Got a shimmering ring mail
 13376 | Lair:3   | Noticed Snorg
 13395 | Lair:3   | Killed Snorg
 14039 | Lair:4   | Found a staircase to the Swamp.
 14145 | Lair:4   | You fall through a shaft!
 14218 | Lair:5   | Killed from afar by a meliai

Skill      XL: |  1  2  3  4  5  6  7  8  9 10 11 12 13 |
---------------+----------------------------------------+-----
Dodging        | 1 2 3 5 6 7 8 |  8.2
Fighting       | 4 5 6 7 8 9 10 11 | 11.9
Shields        | 4 5 6 7 8 9 10 11 | 11.1
Armour         | 4 5 6 7 8 9 10 11 | 11.2
Maces & Flails | 3 4 5 6 7 8 |  8.3
Axes           | 2 5 7 |  7.2
Evocations     | 1 3 |  3.0

Action                   |  1- 3 |  4- 6 |  7- 9 | 10-12 | 13-15 || total
-------------------------+-------+-------+-------+-------+-------++-------
Melee: Flail             |   134 |   211 |       |   196 |    28 ||   569
       Morningstar       |       |    38 |   545 |     5 |       ||   588
       Whip              |       |       |       |   561 |       ||   561
       War axe           |       |       |       |    87 |   233 ||   320
 Abil: Evoke Berserk Rag |       |       |       |     2 |     2 ||     4
  Use: Scroll            |       |     7 |     1 |    17 |     1 ||    26
       Potion            |       |     2 |     3 |     5 |       ||    10
  Eat: Chunk             |       |     7 |    11 |    20 |     9 ||    47
       Ration            |       |       |     1 |     1 |       ||     2
Armor: Scale mail        |    86 |    81 |       |       |       ||   167
       Chain mail        |       |   132 |   276 |       |       ||   408
       Plate armour      |       |       |   107 |   443 |       ||   550
       Pearl dragon scal |       |       |       |    48 |   172 ||   220
Dodge: Dodged            |    44 |    93 |   220 |   281 |   135 ||   773
Block: Shield            |    85 |   161 |   371 |   499 |   221 ||  1337
